[Event "Late-Titled-Tuesday-Blitz-October-10-2023"]
[Site "Chess.com"]
[Date "2023.10.10"]
[Round "9"]
[White "Denis_Makhnyov"]
[Black "Rodalquilar"]
[Result "0-1"]
[WhiteElo "2912"]
[BlackElo "2769"]
[TimeControl "180+1"]
[EndTime "15:40:41 PDT"]
[Termination "Rodalquilar won on time"]

1. d4 d5 2. c4 e6 3. Nf3 Nf6 4. g3 Be7 5. Bg2 O-O 6. O-O dxc4 7. Qc2 a6 8. a4 Bd7 9. Qxc4 Bc6 10. Bg5 a5 11.
Nc3 Ra6 12. Rac1 Rb6 13. Nb5 Bxf3 14. Bxf3 c6 15. Nc3 Rxb2 16. Rb1 Rb4 17. Rxb4 axb4 18.
Na2 Qa5 19. Bxf6 gxf6 20. Qb3 Na6 21. Rb1 Qf5 22. Kg2 Rd8 23. e3 e5 24. Rd1 exd4 25.
exd4 Qa5 26. Kg1 Kf8 27. Be2 Nc7 28. Qe3 Qg5 29. Qd3 Kg7 30. Qb3 Qa5 31. Bc4 Nd5 32.
Re1 Bf8 33. Qf3 Qxa4 34. Bb3 Qa3 35. Re4 f5 36. Rh4 Be7 37. Rh5 Nf6 38. Rxf5 Rxd4 39.
Qe3 Rd7 40. Rf3 Qb2 41. Qg5+ Kf8 42. Kg2 Qd4 43. Rf4 Qd2 44. Nxb4 Rd4 45. Qh6+ Ke8 46. Na2 Rxf4 47. gxf4 Nd5 48. Qxh7 Nxf4+ 49. Kf3 Nd5 50.
Qh8+ Kd7 51. Qe5 Bd6 52. Qf5+ Ke7 53. h4 Nf4 54. Qxf7+ Kd8 55. Qf5 Qe2+ 56. Kg3 Nd3+ 57.
Kg2 Nf4+ 58. Kg3 Nd3+ 59. Kg2 Ne1+ 60. Kg1 Nf3+ 61. Kg2 Nxh4+ 62. Kh3 Nxf5 63. Bc4 Qxc4 0-1

[Event "Late-Titled-Tuesday-Blitz-October-10-2023"]
[Site "Chess.com"]
[Date "2023.10.10"]
[Round "9"]
[White "ContrVersia"]
[Black "AlleyOoper"]
[Result "1-0"]
[WhiteElo "2876"]
[BlackElo "2594"]
[TimeControl "180+1"]
[EndTime "15:40:45 PDT"]
[Termination "ContrVersia won by resignation"]

1. Nf3 Nf6 2. c4 b6 3. g3 Bb7 4. Bg2 g6 5. O-O Bg7 6. d4 O-O 7. d5 Na6 8. Nc3 Nc5 9. Qc2 a5 10. e4 d6 11. Be3 e5 12. dxe6 Nxe6 13. h3 Nc5 14. Nd2 Nfd7 15. Rfe1 Ne5 16. Bf1 Nc6 17. Rad1 Nd4 18. Qb1 f5 19. Bg2 f4 20. gxf4 Nce6 21.
Nf1 Rxf4 22. Nd5 Nf3+ 23. Bxf3 Rxf3 24. Kg2 Rf7 25. Nh2 Qh4 26. Qc1 Qxe4+ 27. f3 Qh4 28. Ng4 Raf8 29. Rf1 g5 30. Rde1 Nf4+ 31. Bxf4 gxf4 32.
Re2 Bd4 33. Qe1 Qxe1 34. Rfxe1 Bxd5 35. cxd5 Be3 36. Nh6+ Kg7 37. Nxf7 Rxf7 38. Kh2 Rf5 39. Rg2+ Kf7 40. Rd1 Bc5 41. h4 h6 42. Kh3 h5 43.
b3 Be3 44. Rd3 Bc5 45. Re2 Be3 46. Rc2 Bc5 47. Rc4 Kf6 48. Re4 Be3 49. a3 Re5 50. Rxe5 Kxe5 51. b4 a4 52. Kg2 b5 53. Kf1 Bd4 54. Rd2 Kxd5 55. Ke2 c5 56. Kd3 c4+ 57. Kc2 Ke5 58. Rg2 Be3 59. Rg5+ Ke6 60. Rxh5 d5 61. Rh6+ Ke5 62. Rh8 d4 63. Rc8 d3+ 64. Kc3 Bd4+ 65.
Kd2 Bb2 66. h5 Bxa3 67. h6 Bxb4+ 68. Kd1 c3 69. h7 c2+ 70. Rxc2 dxc2+ 71. Kxc2 1-0

[Event "Late-Titled-Tuesday-Blitz-October-10-2023"]
[Site "Chess.com"]
[Date "2023.10.10"]
[Round "9"]
[White "victormago"]
[Black "TheMagician"]
[Result "0-1"]
[WhiteElo "2472"]
[BlackElo "2216"]
[TimeControl "180+1"]
[EndTime "15:40:45 PDT"]
[Termination "TheMagician won on time"]

1. d4 d5 2. c4 c6 3. Nc3 Nf6 4. cxd5 cxd5 5. Bf4 Nc6 6. e3 a6 7. Bd3 e6 8. Rc1 Bd6 9. Bxd6 Qxd6 10. f4 Bd7 11.
Nf3 Nb4 12. Bb1 O-O-O 13. Ne5 Qf8 14. Nxd5+ Kb8 15. Nxb4 Qxb4+ 16. Qd2 Qxd2+ 17. Kxd2 Be8 18. g4 Nd5 19. Be4 f6 20. Nd3 h5 21. h3 Bc6 22.
Nc5 hxg4 23. hxg4 Rxh1 24. Rxh1 Nc7 25. Bxc6 bxc6 26. Rh7 Rg8 27. e4 Ka7 28. Ke3 Kb6 29. Rh1 a5 30. b3 Kb5 31. a3 Rd8 32. Rh7 Rg8 33. Kd3 Kb6 34. Kc4 Ka7 35. b4 axb4 36.
axb4 Kb6 37. f5 exf5 38. gxf5 Na6 39. Ne6 g6 40. fxg6 Rxg6 41. Nc5 Nxc5 42. bxc5+ Ka6 43.
Rc7 f5 44. e5 f4 45. Rf7 Rg4 46. e6 Rg6 47. e7 Re6 48. Rxf4 Rxe7 49. Rf8 Kb7 50.
Rf1 Rh7 51. Rb1+ Kc7 52. Rb6 Rh1 53. Rb3 Rc1+ 54. Kd3 Rd1+ 55. Ke3 Re1+ 56. Kf4 Re7 57. Re3 Rd7 58. Re4 Rh7 59. Kf5 Kb7 60. Kf6 Ka6 61.
Re7 Rh4 62. Ke5 Kb5 63. Rd7 Rh1 64. Rb7+ Kc4 65. Rb6 Rh6 0-1

[Event "Late-Titled-Tuesday-Blitz-October-10-2023"]
[Site "Chess.com"]
[Date "2023.10.10"]
[Round "9"]
[White "Iball95"]
[Black "Oleksandr_Bortnyk"]
[Result "0-1"]
[WhiteElo "2845"]
[BlackElo "3041"]
[TimeControl "180+1"]
[EndTime "15:40:48 PDT"]
[Termination "Oleksandr_Bortnyk won by checkmate"]

1. e4 Nf6 2. e5 Nd5 3. c4 Nb6 4.
c5 Nd5 5. Bc4 e6 6. d4 b6 7. Nh3 Bb7 8. O-O Nc6 9. Nc3 Nxc3 10.
bxc3 bxc5 11. Re1 cxd4 12. cxd4 Qh4 13. Nf4 Bb4 14. g3 Qe7 15. Re2 O-O 16. Rb1 Rab8 17.
d5 Na5 18. Bd3 Bxd5 19. Nxd5 exd5 20. Qc2 g6 21. Qxc7 Nc6 22. e6 fxe6 23. Bh6 Rfc8 24.
Qf4 Bd6 25. Qg4 Rxb1+ 26. Bxb1 Ne5 27. Qa4 Nf7 28. Be3 Bc5 29. Bf4 e5 30. Kg2 Qf6 31. Bd2 Qc6 32. Qb3 Bb6 33. f3 Qc4 34. Qd1 d4 35.
Be1 Qe6 36. Bd3 d6 37. Qa4 Kg7 38. Bb5 Qf6 39. Bd3 h5 40. Qa6 Rf8 41. Be4 Ng5 42. Qd3 Nxe4 43. Qxe4 Qf5 44. Qd5 Bc5 45. Bf2 Qf7 46.
Qe4 Qc4 47. Rd2 Rf7 48. h4 Qe6 49.
Rb2 d5 50. Qc2 Bb6 51. Qd1 Qf5 52. Rb5 Rd7 53. Qb3 e4 54. fxe4 Qxe4+ 55. Kg1 d3 56. Bxb6 axb6 57. Rxb6 Qd4+ 58. Kg2 d2 59. Qc2 Qe4+ 60.
Kh2 Qxc2 61. Rc6 Qxc6 62. g4 d1=Q 63. g5 Qcc2+ 64. Kg3 Qdd3+ 65. Kf4 Qcc4+ 66. Ke5 Qce4# 0-1

[Event "Late-Titled-Tuesday-Blitz-October-10-2023"]
[Site "Chess.com"]
[Date "2023.10.10"]
[Round "9"]
[White "topin8"]
[Black "sergeikim"]
[Result "1-0"]
[WhiteElo "2428"]
[BlackElo "2563"]
[TimeControl "180+1"]
[EndTime "15:41:03 PDT"]
[Termination "topin8 won on time"]

1. e4 e5 2. Nf3 Nc6 3. Bb5 a6 4. Ba4 Nf6 5. O-O b5 6. Bb3 Bc5 7. d3 d6 8. Bd2 h6 9. Nc3 O-O 10. h3 Na5 11. Ne2 Nxb3 12. axb3 Nh5 13. g4 Nf6 14. Ng3 Nh7 15. b4 Bb6 16. Qe2 Ng5 17. Kg2 Ne6 18. c3 Kh7 19. Be3 g6 20. Qd2 Qf6 21.
d4 Bb7 22. d5 Nf4+ 23. Bxf4 exf4 24. Ne2 g5 25. Ned4 Bc8 26. Rfe1 Re8 27. Nc6 Bd7 28. e5 dxe5 29. Ncxe5 Red8 30. Re2 Be8 31. Rae1 Kg7 32. Qc2 Rxd5 33. Qe4 Rad8 34. h4 Rd1 35. Rxd1 Rxd1 36. h5 Rd6 37. Nd4 Bxd4 38. cxd4 Re6 39. Rc2 c6 40. f3 Rd6 41. Rc5 Qe6 42. Qc2 Rxd4 43. Qc3 Qd6 44. Nxc6 Bxc6 45. Rxc6 Qe5 46. Rxa6 Qe3 47.
Rc6 Qxc3 48. bxc3 Rd2+ 49. Kf1 Rd3 50. Ke2 Re3+ 51. Kf2 Rd3 52. c4 bxc4 53. Rxc4 Rd2+ 54. Ke1 Rb2 55. Re4 Kf6 56. Kf1 Rb3 57. Ke2 Rb2+ 58. Ke1 Kg7 59. Kf1 Kf8 60. Ke1 Kg7 61. Kf1 f5 62.
gxf5 Kf6 63. Re6+ Kxf5 64. Rxh6 Rxb4 65. Ra6 Rb2 66. Ra5+ Kf6 67. Ra6+ Kf7 68. h6 Rh2 69. Kg1 Rh4 70. Kg2 Kf8 71. Rb6 Kf7 72. Ra6 Rh5 73. Rb6 1-0

[Event "Late-Titled-Tuesday-Blitz-October-10-2023"]
[Site "Chess.com"]
[Date "2023.10.10"]
[Round "9"]
[White "KorolDimitriy75"]
[Black "Mariia89"]
[Result "1-0"]
[WhiteElo "2400"]
[BlackElo "2082"]
[TimeControl "180+1"]
[EndTime "15:41:08 PDT"]
[Termination "KorolDimitriy75 won by checkmate"]

1. d4 Nf6 2. c4 c5 3. d5 b5 4. Nd2 b4 5. e4 d6 6. h3 g6 7. b3 Bg7 8. Bb2 O-O 9. Ngf3 a5 10.
a4 bxa3 11. Rxa3 Na6 12. Bd3 Nb4 13. Bb1 Bb7 14. O-O e5 15. dxe6 fxe6 16. e5 Nh5 17.
Qe2 Nf4 18. Qe3 Bh6 19. Kh1 d5 20. cxd5 Bxd5 21. Qxc5 Nxh3 22. Ne4 Nf4 23. Nf6+ Kg7 24. Nxd5 Nbxd5 25. Be4 Bg5 26. g3 Be7 27. Qd4 Ne2 28. Qd2 Bxa3 29. Bxa3 Nec3 30. Bxf8+ Qxf8 31. Nd4 Re8 32. Kg2 Qb4 33. Bxd5 Nxd5 34. Qxb4 axb4 35.
Ra1 Kf7 36. Ra7+ Re7 37. Ra6 Nc3 38. f4 Nd5 39. Rc6 h5 40. Nb5 Rb7 41. Nd6+ Ke7 42. Nxb7 Ne3+ 43. Kf3 Kd7 44. Rc1 Nd5 45. Nc5+ Ke7 46.
Ne4 Nb6 47. Rc6 Nd5 48. Rd6 Kf7 49. Ng5+ Ke7 50. Rxe6+ Kd7 51. Rxg6 Nc3 52. Rh6 Nb5 53. e6+ Ke7 54. Rh7+ Kd6 55. Rxh5 Nd4+ 56. Kg4 Nxb3 57. f5 Nd4 58. Rh7 b3 59. Rb7 Kc6 60. Rb8 Kc7 61. Rb4 Kc6 62. Rxd4 Kc5 63. Rd1 Kc4 64. Rb1 Kc3 65.
e7 Kc2 66. Rxb3 Kxb3 67. e8=Q Kc4 68. f6 Kd5 69. f7 Kd6 70. f8=Q+ Kc7 71. Qee7+ Kc6 72.
Qff6+ Kd5 73. Qee5+ Kc4 74. Qff4+ Kd3 75. Qee3+ Kc2 76.
Qff2+ Kd1 77. Qee1# 1-0

[Event "Late-Titled-Tuesday-Blitz-October-10-2023"]
[Site "Chess.com"]
[Date "2023.10.10"]
[Round "9"]
[White "nihalsarin"]
[Black "Jospem"]
[Result "1/2-1/2"]
[WhiteElo "3123"]
[BlackElo "3134"]
[TimeControl "180+1"]
[EndTime "15:43:05 PDT"]
[Termination "Game drawn by 50-move rule"]

1. e4 c5 2. Nf3 d6 3. Nc3 a6 4.
g3 Nc6 5. d4 cxd4 6. Nxd4 e6 7.
Bg2 Bd7 8. O-O Nf6 9. Re1 Be7 10. Nb3 O-O 11. Bf4 Qc7 12. Nc5 Bc8 13. Nd3 Nd7 14. Qh5 Nde5 15. Rad1 Bd7 16. Bc1 b5 17. Nf4 Rfe8 18.
Nce2 Na5 19. c3 g6 20. Qh3 Nac4 21. g4 a5 22. Qg3 b4 23. b3 Na3 24. c4 a4 25. Rd2 axb3 26. axb3 Nb1 27. Rb2 Na3 28. Rd2 Nb1 29. Rb2 Na3 30. h4 Bf6 31. g5 Bg7 32.
Rd2 Nb1 33. Rdd1 Ra2 34. h5 Nc3 35. Nxc3 bxc3 36. Qxc3 Rxf2 37. Qb4 Rf3 38. Qxd6 Qxd6 39. Rxd6 Rxb3 40. Red1 Ba4 41. Ra6 Bc6 42. h6 Bf8 43.
Ra5 Nxc4 44. Ra2 Ne5 45. Kh1 Be7 46. Ne2 Rd3 47. Rxd3 Nxd3 48. Be3 Ne5 49. Bf4 Nd3 50. Be3 Rd8 51. Rc2 Ba8 52. Rc7 Bd6 53. Ra7 Ne5 54. Bf4 Nc4 55. Bxd6 Nxd6 56. Ng3 e5 57. Ra5 Re8 58.
Kg1 Kf8 59. Rc5 Ke7 60. Rxe5+ Kd8 61. Ra5 Bb7 62. e5 Bxg2 63. exd6 Bc6 64. Ra7 Bd5 65. Ra5 Re5 66. Kf2 Kd7 67. Ne2 Rf5+ 68. Ke3 Kxd6 69.
Nc3 Be6 70. Ne4+ Ke7 71. Ra7+ Kd8 72. Nf6 Rxg5 73. Nxh7 Rh5 74. Nf6 Rxh6 75. Kf4 Rh1 76.
Kg5 Rd1 77. Kh6 Kc8 78. Kg7 g5 79. Ra5 g4 80. Nxg4 Bxg4 81. Kxf7 Bd7 82. Kf6 Kc7 83.
Rc5+ Kd6 84. Ra5 Rf1+ 85. Kg5 Be6 86. Rb5 Bd5 87. Ra5 Ke5 88. Kh5 Rf8 89. Kg5 Rg8+ 90.
Kh5 Rg1 91. Rb5 Ra1 92. Kg5 Ke4 93. Rc5 Rg1+ 94. Kf6 Rf1+ 95. Kg5 Rf5+ 96. Kg4 Rf7 97. Ra5 Rg7+ 98. Kh5 Rg8 99. Rb5 Rd8 100. Kg5 Ke5 101.
Ra5 Rb8 102. Rc5 Rg8+ 103. Kh5 Rd8 104. Kg5 Rg8+ 105. Kh5 Ke6 106. Kh4 Be4 107. Rg5 Rf8 108. Kg3 Bf5 109. Rg7 Rb8 110. Ra7 Rb3+ 111. Kf4 Rb4+ 112. Ke3 Kf6 113. Ra5 Kg5 114. Rc5 Re4+ 115. Kd2 Re8 116. Kc3 Kf4 117. Rc4+ Be4 118. Rc7 Ke3 119. Kb4 Kd4 120. Rc4+ Kd5 121. Rc5+ Kd6 122. Rh5 Rc8 123. Rg5 Bd5 124. Rg6+ Be6 125. Rh6 Rc4+ 126. Kb5 Rc3 127. Rh5 Rb3+ 128. Ka5 Kc6 129. Ka4 Rb8 130. Rh6 Kd5 131. Ka3 1/2-1/2

[Event "Late-Titled-Tuesday-Blitz-October-10-2023"]
[Site "Chess.com"]
[Date "2023.10.10"]
[Round "10"]
[White "ItalianMachine"]
[Black "Aygehovit1992"]
[Result "0-1"]
[WhiteElo "2434"]
[BlackElo "2694"]
[TimeControl "180+1"]
[EndTime "15:44:42 PDT"]
[Termination "Aygehovit1992 won by resignation"]

1. Nf3 Nf6 2. b3 g6 3. Bb2 Bg7 4. g3 d6 5. Bg2 e5 6. O-O c5 7. d3 Nc6 8. Nbd2 h5 9. h3 h4 10. g4 Bxg4 11. hxg4 h3 12. Bxh3 Rxh3 13. Kg2 Qd7 14. Kxh3 Qxg4+ 15. Kh2 O-O-O 0-1

[Event "Late-Titled-Tuesday-Blitz-October-10-2023"]
[Site "Chess.com"]
[Date "2023.10.10"]
[Round "10"]
[White "Witaliss"]
[Black "Iball95"]
[Result "0-1"]
[WhiteElo "2576"]
[BlackElo "2848"]
[TimeControl "180+1"]
[EndTime "15:46:12 PDT"]
[Termination "Iball95 won by resignation"]

1. Nf3 d5 2. g3 Nf6 3. Bg2 c5 4. O-O Nc6 5. d3 g6 6. Nbd2 Bg7 7. e4 O-O 8. Qe2 e6 9. c3 b6 10. Rd1 Ba6 11. a3 Qc7 12. Rb1 Rad8 13. Bf1 dxe4 14. Nxe4 Nxe4 15. Qxe4 Bb7 16. Bf4 e5 17.
Bg5 f6 18. Qc4+ Kh8 19. Be3 Na5 20. Qg4 f5 21. Qh4 Bxf3 0-1

[Event "Late-Titled-Tuesday-Blitz-October-10-2023"]
[Site "Chess.com"]
[Date "2023.10.10"]
[Round "10"]
[White "Arimin1329"]
[Black "venturov"]
[Result "1-0"]
[WhiteElo "2332"]
[BlackElo "2418"]
[TimeControl "180+1"]
[EndTime "15:46:31 PDT"]
[Termination "Arimin1329 won by resignation"]

1. d4 Nf6 2. Nf3 g6 3. g3 Bg7 4. Bg2 O-O 5. O-O d6 6. b3 Nbd7 7. Bb2 e5 8. dxe5 Ng4 9. c4 Ndxe5 10. Nxe5 Nxe5 11. Nc3 a5 12. Qd2 a4 13. Nxa4 Rxa4 14.
Bxe5 Bxe5 15. bxa4 Bxa1 16. Rxa1 Re8 17. e3 Qf6 18. Rb1 b6 19. a5 Bf5 20. Rc1 bxa5 21. Qxa5 Qb2 22. Re1 Be4 23. Bxe4 Rxe4 24. Qa8+ Kg7 25.
Qxe4 Qxa2 26. Qd4+ 1-0

[Event "Late-Titled-Tuesday-Blitz-October-10-2023"]
[Site "Chess.com"]
[Date "2023.10.10"]
[Round "10"]
[White "nitpicker"]
[Black "maurovargas01"]
[Result "1-0"]
[WhiteElo "2243"]
[BlackElo "1908"]
[TimeControl "180+1"]
[EndTime "15:46:32 PDT"]
[Termination "nitpicker won by resignation"]

1. d4 d5 2. c4 c6 3. Nf3 e6 4. Qb3 Nf6 5. Nc3 Bd6 6. Bg5 Nbd7 7.
e3 O-O 8. Rd1 Ne4 9. Bxd8 Rxd8 10. Nxe4 dxe4 11. Nd2 f5 12. c5 Bc7 13. Qxe6+ Kh8 14. Qb3 Nf6 15. Bc4 f4 16. exf4 Bxf4 17. g3 Bh6 18. Nf1 Bg4 19. Be2 Bxe2 20. Kxe2 Re8 21.
Ne3 Rad8 22. Rd2 Rd7 23. Rhd1 Rf7 24. Qxf7 1-0

[Event "Late-Titled-Tuesday-Blitz-October-10-2023"]
[Site "Chess.com"]
[Date "2023.10.10"]
[Round "10"]
[White "UK_23"]
[Black "karwowskikacper"]
[Result "1/2-1/2"]
[WhiteElo "2410"]
[BlackElo "2544"]
[TimeControl "180+1"]
[EndTime "15:46:35 PDT"]
[Termination "Game drawn by agreement"]

1. e4 c5 2. Nf3 e6 3. g3 Nc6 4. Bg2 g6 5. d4 cxd4 6. Nxd4 a6 7. O-O Bg7 8. Nxc6 bxc6 9. c4 Ne7 10. Nc3 O-O 11. Be3 Rb8 12. Qc2 d5 13. exd5 exd5 14. cxd5 Nxd5 15. Nxd5 cxd5 16. Rad1 Rxb2 17. Qa4 Be6 18.
Qxa6 Qa8 19. Qxa8 Rxa8 20. Bxd5 Bxd5 21. Rxd5 Rbxa2 22. Rfd1 Ra1 23. Kg2 Rxd1 24. Rxd1 h5 1/2-1/2

[Event "Late-Titled-Tuesday-Blitz-October-10-2023"]
[Site "Chess.com"]
[Date "2023.10.10"]
[Round "10"]
[White "arminmusovic"]
[Black "PapaieDudu"]
[Result "1-0"]
[WhiteElo "2497"]
[BlackElo "2375"]
[TimeControl "180+1"]
[EndTime "15:46:51 PDT"]
[Termination "arminmusovic won by resignation"]

1. a3 d5 2. Nc3 d4 3. Ne4 e5 4. Ng3 f5 5. e4 f4 6. Qh5+ Kd7 7.
Nf3 Nc6 8. Bb5 Bd6 9. Nxe5+ Bxe5 10. Qxe5 fxg3 11. Qxg7+ Ne7 12. Qxd4+ Ke8 13. Qxh8+ Kf7 14. Qxh7+ Ke6 15. Bc4+ Ke5 16. d3 gxf2+ 17. Kxf2 Qf8+ 18.
Qf7 Bg4 19. Bf4+ Kd4 20. c3+ Kc5 21. d4+ Kb6 22. Qxf8 Rxf8 23. Ke3 Re8 24. Kd2 Na5 25.
Ba2 Ng6 26. Be5 Rd8 27. Ke3 c5 28. dxc5+ Kxc5 29. Bd4+ Kb5 30. a4+ Ka6 31. b4 Nc6 32.
Bc4+ b5 33. axb5+ Kb7 34. bxc6+ Kxc6 35. Ra6+ Kb7 36. Rxg6 Kb8 1-0

[Event "Late-Titled-Tuesday-Blitz-October-10-2023"]
[Site "Chess.com"]
[Date "2023.10.10"]
[Round "10"]
[White "alexrustemov"]
[Black "GlavkonVVS"]
[Result "1-0"]
[WhiteElo "2829"]
[BlackElo "2556"]
[TimeControl "180+1"]
[EndTime "15:46:57 PDT"]
[Termination "alexrustemov won by resignation"]

1. d4 Nf6 2. c4 c5 3. d5 e6 4.
Nc3 exd5 5. cxd5 d6 6. e4 g6 7. h3 Bg7 8. Bd3 O-O 9. Nf3 b5 10. Bxb5 Nxe4 11. Nxe4 Qa5+ 12. Nfd2 Qxb5 13. Nxd6 Qa6 14.
N2c4 Nd7 15. O-O Nb6 16. Nxb6 axb6 17. Nxc8 Raxc8 18. Re1 Rfd8 19. Qf3 Qb7 20. Bg5 Rxd5 21. Re7 Qxe7 22. Bxe7 Rf5 23. Qb7 Re8 24. Qd7 Ra8 25.
Rd1 Bxb2 26. g4 Rf3 27. Qb7 Rfa3 28. Qxb6 Rxa2 29. Rd8+ 1-0

[Event "Late-Titled-Tuesday-Blitz-October-10-2023"]
[Site "Chess.com"]
[Date "2023.10.10"]
[Round "10"]
[White "WDCH"]
[Black "subham777"]
[Result "1-0"]
[WhiteElo "2718"]
[BlackElo "2526"]
[TimeControl "180+1"]
[EndTime "15:47:37 PDT"]
[Termination "WDCH won by resignation"]

1. Nc3 d5 2. e4 e6 3. f4 dxe4 4. Nxe4 Be7 5. Bc4 Nf6 6. Qe2 Nc6 7. Nf3 Nd4 8. Nxd4 Qxd4 9. d3 Bd7 10. c3 Qb6 11.
Be3 Qc6 12. Ng5 h6 13. Nf3 Nd5 14. Ne5 Qd6 15. Bd2 Bf6 16. O-O O-O 17. Kh1 a5 18. a4 c6 19. Rf3 Bxe5 20. fxe5 Qe7 21. Rg3 Kh8 22. Qh5 Kh7 23. Rxg7+ Kxg7 24. Bxh6+ 1-0

[Event "Late-Titled-Tuesday-Blitz-October-10-2023"]
[Site "Chess.com"]
[Date "2023.10.10"]
[Round "10"]
[White "vyprd"]
[Black "GMJustin"]
[Result "1-0"]
[WhiteElo "2349"]
[BlackElo "2178"]
[TimeControl "180+1"]
[EndTime "15:47:37 PDT"]
[Termination "vyprd won by resignation"]

1. e4 e5 2. Nf3 Nc6 3. Bc4 Bc5 4. c3 Nf6 5. d4 exd4 6. b4 Be7 7. e5 Ng4 8. cxd4 Bxb4+ 9. Nbd2 d5 10. Bb5 O-O 11. Bxc6 bxc6 12. O-O c5 13. h3 Nh6 14. dxc5 Bxc5 15.
Nb3 Be7 16. Bxh6 gxh6 17. Rc1 Be6 18. Nfd4 Qd7 19. f4 f5 20. Rc6 1-0

[Event "Late-Titled-Tuesday-Blitz-October-10-2023"]
[Site "Chess.com"]
[Date "2023.10.10"]
[Round "10"]
[White "protectiago"]
[Black "PNEPaul"]
[Result "1-0"]
[WhiteElo "2070"]
[BlackElo "1978"]
[TimeControl "180+1"]
[EndTime "15:47:38 PDT"]
[Termination "protectiago won by resignation"]

1. d4 a6 2. g3 d6 3. Bg2 g6 4. Nf3 Bg7 5. O-O h6 6. c4 Nd7 7. Nc3 e6 8. e4 Ne7 9. Qc2 O-O 10.
Be3 f5 11. Rad1 c6 12. e5 d5 13. cxd5 Nxd5 14. Nxd5 cxd5 15. Nh4 Kh7 16. f4 Nb6 17. b3 Bd7 18. a4 Rc8 19. Qd2 Bc6 20. Rc1 Nd7 21. Rc2 Qe7 22. Rfc1 Rg8 23. Nf3 Nf8 24. Bf1 Bd7 25. Rxc8 Bxc8 26. Rxc8 1-0

[Event "Late-Titled-Tuesday-Blitz-October-10-2023"]
[Site "Chess.com"]
[Date "2023.10.10"]
[Round "10"]
[White "Byniolus"]
[Black "The_Straightforward_Rook"]
[Result "0-1"]
[WhiteElo "2683"]
[BlackElo "2559"]
[TimeControl "180+1"]
[EndTime "15:47:45 PDT"]
[Termination "The_Straightforward_Rook won by resignation"]

1. e4 e5 2. f4 exf4 3. Nf3 Nf6 4.
e5 Nh5 5. d4 d5 6. c4 g5 7.
cxd5 g4 8. Nc3 gxf3 9. Qxf3 Qh4+ 10. Kd2 Bg4 11. Bb5+ Nd7 12. Qd3 Bh6 13. Kc2 Ng7 14.
Kb3 O-O-O 15. g3 fxg3 16. Bxh6 Qxh6 17. hxg3 Qg6 18. Qd2 h5 19. a4 Nf5 20. a5 a6 21.
Bd3 Nxd4+ 22. Kc4 Nxe5+ 0-1

[Event "Late-Titled-Tuesday-Blitz-October-10-2023"]
[Site "Chess.com"]
[Date "2023.10.10"]
[Round "10"]
[White "BardArtem"]
[Black "miraitrunks"]
[Result "1-0"]
[WhiteElo "2745"]
[BlackElo "2252"]
[TimeControl "180+1"]
[EndTime "15:47:48 PDT"]
[Termination "BardArtem won by resignation"]

1. e4 c5 2. c3 Nf6 3. e5 Nd5 4. Nf3 Nc6 5. Bc4 Nb6 6. Bb3 c4 7. Bc2 d6 8. exd6 Qxd6 9. O-O g6 10. b3 Bg7 11. Na3 cxb3 12. axb3 O-O 13. Re1 Bg4 14. Nc4 Nxc4 15. bxc4 Rfd8 16. d4 a6 17. h3 Bxf3 18. Qxf3 e5 19. d5 Ne7 20. Ba3 Qf6 21. Qxf6 Bxf6 22.
f4 exf4 23. Bxe7 Bxc3 24. Bxd8 Bxa1 25. Re8+ Kg7 26. Bf6+ 1-0

[Event "Late-Titled-Tuesday-Blitz-October-10-2023"]
[Site "Chess.com"]
[Date "2023.10.10"]
[Round "10"]
[White "MaxLeto"]
[Black "2typicalchessplayer"]
[Result "1-0"]
[WhiteElo "2490"]
[BlackElo "2374"]
[TimeControl "180+1"]
[EndTime "15:47:50 PDT"]
[Termination "MaxLeto won by resignation"]

1. g4 d5 2. Bg2 c6 3. h3 Nf6 4. d4 g6 5. c3 Bg7 6. Bf4 O-O 7. Nd2 Qb6 8. Qc2 Nbd7 9. Ngf3 c5 10. O-O cxd4 11.
cxd4 Qa6 12. e3 b6 13. Rfc1 Bb7 14. Bf1 b5 15. a4 Rac8 16. Qd1 Rxc1 17. Qxc1 Rc8 18.
Qd1 Qb6 19. axb5 Ne8 20. b4 Nc7 21. Ra5 Ne6 22. Bg3 Nd8 23. Qa4 Ra8 24. Nb3 Bc8 25.
Nc5 Nb7 26. Ra6 Nbxc5 27. bxc5 Qd8 28. Rxa7 1-0

[Event "Late-Titled-Tuesday-Blitz-October-10-2023"]
[Site "Chess.com"]
[Date "2023.10.10"]
[Round "10"]
[White "azikom"]
[Black "CarlosjPineror"]
[Result "1-0"]
[WhiteElo "2623"]
[BlackElo "2494"]
[TimeControl "180+1"]
[EndTime "15:47:51 PDT"]
[Termination "azikom won by resignation"]

1. c4 Nf6 2. Nc3 c5 3. g3 e6 4. Bg2 Be7 5. Nf3 Nc6 6. d4 cxd4 7. Nxd4 a6 8. O-O Qc7 9. Nb3 d6 10. Bf4 Ne5 11. Rc1 Bd7 12. Qd4 Rc8 13. c5 Qb8 14. cxd6 Bxd6 15. Rfd1 Ke7 16. Bxb7 Rcd8 17. Na5 Bb5 18.
Nxb5 axb5 1-0

[Event "Late-Titled-Tuesday-Blitz-October-10-2023"]
[Site "Chess.com"]
[Date "2023.10.10"]
[Round "10"]
[White "GoldenShare"]
[Black "Zampronha1971"]
[Result "1-0"]
[WhiteElo "2538"]
[BlackElo "2326"]
[TimeControl "180+1"]
[EndTime "15:47:57 PDT"]
[Termination "GoldenShare won by resignation"]

1. e4 c5 2. Nc3 e6 3. Nf3 Nc6 4.
d4 cxd4 5. Nxd4 Qc7 6. Be2 a6 7.
f4 d6 8. Be3 Nf6 9. Qd2 Be7 10.
O-O-O Bd7 11. g4 Nxd4 12. Qxd4 e5 13. Qd3 Bc6 14. g5 Nd7 15. f5 Nc5 16. Bxc5 dxc5 17. Nd5 Bxd5 18. Qxd5 Rd8 19. Qb3 Bxg5+ 20. Kb1 O-O 21.
Rhg1 Rxd1+ 22. Bxd1 Bf6 23. Be2 Rd8 24. Bc4 b5 25. Bd5 c4 26. Qa3 Qd6 27. Qe3 Qc7 28.
a3 Rc8 29. Qh6 Qd6 30. Rxg7+ Bxg7 31. Qxd6 1-0

[Event "Late-Titled-Tuesday-Blitz-October-10-2023"]
[Site "Chess.com"]
[Date "2023.10.10"]
[Round "10"]
[White "isainz"]
[Black "ferrufino64"]
[Result "0-1"]
[WhiteElo "2022"]
[BlackElo "2208"]
[TimeControl "180+1"]
[EndTime "15:47:58 PDT"]
[Termination "ferrufino64 won by resignation"]

1. e4 c5 2. Nf3 d6 3. Bb5+ Bd7 4. Bxd7+ Qxd7 5. O-O Nc6 6. c3 Nf6 7. Re1 e5 8. d4 Qc7 9. d5 Ne7 10. a4 g6 11. Na3 Bg7 12. Nb5 Qd7 13. b4 b6 14.
Qd3 O-O 15. a5 Nh5 16. g3 h6 17. Be3 f5 18. axb6 axb6 19. Rxa8 Rxa8 20. bxc5 fxe4 21. c6 Qg4 22. Qf1 exf3 23. Nxd6 Nf5 24. c7 Nxd6 0-1

[Event "Late-Titled-Tuesday-Blitz-October-10-2023"]
[Site "Chess.com"]
[Date "2023.10.10"]
[Round "10"]
[White "nicholas_ilic"]
[Black "TanitoluwaAps116"]
[Result "0-1"]
[WhiteElo "2332"]
[BlackElo "2662"]
[TimeControl "180+1"]
[EndTime "15:48:02 PDT"]
[Termination "TanitoluwaAps116 won by checkmate"]

1. e4 c5 2. Nf3 Nc6 3. b3 Nf6 4.
Nc3 g6 5. Bb2 Bg7 6. Bb5 Nxe4 7.
Bf1 Nxc3 8. dxc3 d5 9. Bb5 O-O 10. O-O Bg4 11. Bxc6 bxc6 12. Qd3 e5 13. Qe3 Re8 14.
h3 Bxf3 15. Qxf3 e4 16. Qe3 d4 17. cxd4 cxd4 18. Qe2 d3 19. cxd3 exd3 20. Qd2 Re2 21.
Qf4 Bxb2 22. Rad1 Qf6 23. Qg3 Bd4 24. Rxd3 Rae8 25. Rf3 Qe6 26. Qc7 Re5 27. Rd3 c5 28.
b4 Qd5 29. Rdd1 Rg5 30. g3 Qf3 31. Qd7 Qxg3+ 32. Kh1 Qg2# 0-1

[Event "Late-Titled-Tuesday-Blitz-October-10-2023"]
[Site "Chess.com"]
[Date "2023.10.10"]
[Round "10"]
[White "annacramling"]
[Black "OLDTERMINATOR"]
[Result "1-0"]
[WhiteElo "2193"]
[BlackElo "1604"]
[TimeControl "180+1"]
[EndTime "15:48:12 PDT"]
[Termination "annacramling won on time"]

1. d4 Nf6 2. c4 e5 3. dxe5 Ng4 4. Bf4 g5 5. Bg3 Bg7 6. Nf3 Nc6 7. Nc3 Ngxe5 8. e3 d6 9. Be2 Be6 10. Nd5 h6 11. O-O O-O 12. Nd4 Bxd5 13. cxd5 Ne7 14. e4 c5 15. dxc6 bxc6 16. Nf5 Nxf5 17. exf5 d5 18. Rc1 Qb6 19. b3 Bf6 20. Kh1 Kg7 21. f4 gxf4 22. Bxf4 Rae8 23. Qe1 1-0

[Event "Late-Titled-Tuesday-Blitz-October-10-2023"]
[Site "Chess.com"]
[Date "2023.10.10"]
[Round "10"]
[White "falzehope0"]
[Black "canary2016"]
[Result "1-0"]
[WhiteElo "2347"]
[BlackElo "2182"]
[TimeControl "180+1"]
[EndTime "15:48:24 PDT"]
[Termination "falzehope0 won by resignation"]

1. d4 Nf6 2. e3 e6 3. Bd3 d5 4. f4 c5 5. c3 Nc6 6. Nf3 Bd6 7.
O-O O-O 8. Ne5 Nd7 9. Qg4 Nf6 10. Qh3 Qc7 11. Nd2 b6 12. g4 g6 13. Ndf3 Bb7 14.
g5 Ne4 15. Ng4 cxd4 16. Bxe4 f5 17. Nh6+ Kg7 18. Bd3 dxc3 19. bxc3 Na5 20. Rf2 Bc5 21. Nd4 Qe7 22. Bb2 e5 23. fxe5 Qxe5 24. c4 1-0